 Dungeon Crawl Stone Soup version 0.31.0-32-g396128a36d (webtiles) character file.

Game seed: 15705131646482251667

50 savi the Shield-Bearer (level 3, 0/36 HPs)
             Began as a Troll Fighter on Mar 26, 2024.
             Slain by a gnoll
             ... wielding a +0 flail
              (6 damage)
             ... on level 2 of the Dungeon on Mar 27, 2024.
             The game lasted 00:06:06 (629 turns).

savi the Shield-Bearer (Troll Fighter)               Turns: 629, Time: 00:06:06

Health: 0/36       AC:  4    Str: 26    XL:     3   Next: 55%
Magic:  2/2        EV:  9    Int:  4    God:
Gold:   50         SH:  7    Dex:  9    Spells: 2/2 levels left

rFire   . . .        a - +0 long sword
rCold   . . .        c - +0 kite shield
rNeg    . . .        b - +0 robe
rPois   .            (helmet restricted)
rElec   .            (no cloak)
rCorr   .            (gloves unavailable)
SInv    .            (boots unavailable)
Will    .....        (no amulet)
Stlth   +            (no ring)
HPRegen 1.06/turn    (no ring)
MPRegen 0.08/turn

%: no passive effects
@: no status effects
A: large, unfitting armour, claws 3, regeneration 1, shaggy fur 1, tough skin 1
a: no special abilities


You were on level 2 of the Dungeon.
You visited 1 branch of the dungeon, and saw 2 of its levels.

You collected 50 gold pieces.

Inventory:

Hand Weapons
 a - a +0 long sword (weapon)
 g - a +0 dagger
 k - a +0 short sword
 l - a +0 club
Missiles
 h - 10 stones (quivered)
Armour
 b - a +0 robe (worn)
 c - a +0 kite shield (worn)
Scrolls
 i - a scroll of immolation {unknown}
 j - 2 scrolls of teleportation {unknown}
Potions
 d - a potion of might
 e - a potion of brilliance {unknown}
 f - 2 potions of curing {unknown}


   Skills:
 + Level 2.7 Fighting
 + Level 2.4 Long Blades
 + Level 2.8 Dodging
 + Level 3.0 Shields


You had 2 spell levels left.
You didn't know any spells.
Your spell library contained the following spells:

 Spells                   Type           Power      Damage    Failure   Level
 Summon Small Mammal      Summ           0%         N/A       75%         1
 Call Canine Familiar     Summ           0%         N/A       98%         3
 Summon Blazeheart Golem  Fire/Summ      0%         N/A       100%        4


Dungeon Overview and Level Annotations

Branches:
Dungeon (2/15)

Altars:


Innate Abilities, Weirdness & Mutations

You are too large for most types of armour.
You have claws for hands.
Your natural rate of healing is unusually fast.
You are covered in fur. (AC +1)
You have tough skin. (AC +1)


Message History

Things that are here:
a +0 club; a gnoll corpse A gnoll comes into view.
It is wielding a +0 flail.
Found a whip, 6 stones and a ring mail.
The gnoll shouts!
Things that are here:
a +0 club; a gnoll corpse The gnoll shouts!
Found a stone staircase leading up.
Found 6 stones.
Found 10 gold pieces.
You see here 5 gold pieces.
You now have 50 gold pieces (gained 5).
You hit the gnoll but do no damage. The gnoll hits you with a +0 flail!
You slash the gnoll!
The gnoll is severely wounded.
You hit the gnoll.
You kill the gnoll!
The gnoll closely misses you. The gnoll hits you with a +0 flail.
You block the gnoll's attack.
You see here a +0 flail.
You hit the gnoll.
The gnoll is moderately wounded.
The gnoll barely misses you.
You barely miss the gnoll.
The gnoll is lightly wounded.
The gnoll hits you with a +0 flail! x2
* * * LOW HITPOINT WARNING * * *
You barely miss the gnoll.
The gnoll is lightly wounded.
The gnoll hits you with a +0 flail.
* * * LOW HITPOINT WARNING * * *
You barely miss the gnoll.
The gnoll is lightly wounded.
The gnoll hits you with a +0 flail.
* * * LOW HITPOINT WARNING * * *
You hit the gnoll.
The gnoll is moderately wounded.
The gnoll hits you with a +0 flail.
You die...

.............# ..
....#.†......#...##<####
. ##.......#..#......#
..##.......#..#......#
...............#......#.
...##...................
....##.............(.....
.. .............g......##
. ?.$#.....)....@..).....
..##.....<..####.......
.. ########..# ....(..
##.g# .#....$ ...........
...g.. .... .[..... ...
....... ##. .......


You could see a gnoll.

Vanquished Creatures
  2 gnolls (D:2)
  6 ball pythons
  An endoplasm (D:1)
  2 goblins (D:1)
  2 hobgoblins (D:1)
  7 jackals (D:1)
  3 bats (D:1)
  2 frilled lizards (D:1)
  A kobold (D:1)
  3 rats (D:1)
29 creatures vanquished.

Notes
Turn   | Place    | Note
-------+----------+-------------------------------------------
     0 | D:1      | savi the Troll Fighter began the quest for the Orb.
     0 | D:1      | Reached XP level 1. HP: 22/22 MP: 0/0
    51 | D:1      | Found a faded altar of an unknown god.
   100 | D:1      | Reached XP level 2. HP: 28/29 MP: 1/1
   221 | D:1      | Reached skill level 3 in Shields
   521 | D:1      | Reached XP level 3. HP: 36/36 MP: 2/2
   629 | D:2      | Slain by a gnoll

Illustrated notes

Levels and vault maps discovered:
D:1:      dpeg_arrival_tiny_j, layout_loops_corners,
          shapermc_ecumenical_altar_mp_vishouse, serial_co_window_serial,
          co_window_corner_a, co_window_paths_a, co_window_of_opportunity_a,
          co_window_paths_a, co_window_corner_a, co_window_unsneaky_path_d,
          co_window_unsneaky_path_e, co_window_corner_b, co_window_2corner,
          co_window_2corner, st_stairs_13, minmay_misc_feat_pillars,
          dreamdust_mushroom_princess
D:2:      layout_rooms, kennysheep_donut, uniq_natasha

Skill      XL: |  1  2  3 |
---------------+----------+-----
Shields        | 3 |  3.0
Long Blades    | 2 |  2.4
Fighting       | |  2.7
Dodging        | |  2.8

Action                     || total
---------------------------++-------
  Melee: Long sword        ||   124
 Armour: Robe              ||    96
  Dodge: Dodged            ||    63
  Block: Kite shield       ||    63
